 Dungeon Crawl Stone Soup version 0.31.0-1-g2c135a008e (webtiles) character file.

Game seed: 1949471199432438607

231 McKennaii the Conjurer (level 5, -4/38 HPs)
             Began as a Demigod Conjurer on Jan 20, 2024.
             Slain by a bullfrog (6 damage)
             ... in a sewer.
             The game lasted 00:03:28 (2908 turns).

McKennaii the Conjurer (Demigod Conjurer)           Turns: 2908, Time: 00:03:28

Health: -4/38      AC:  4    Str:  8    XL:     5   Next: 44%
Magic:  0/19       EV: 12    Int: 30    God:
Gold:   77         SH:  0    Dex: 12    Spells: 4/11 levels left

rFire   . . .        d - +6 Majin-Bo {spellvamp, MP+6 Int+6}
rCold   . . .        (no shield)
rNeg    . . .        a - +0 robe
rPois   .            c - +2 hat
rElec   .            (no cloak)
rCorr   .            (no gloves)
SInv    .            (no boots)
Will    .....        (no amulet)
Stlth   ++           (no ring)
HPRegen 0.26/turn    (no ring)
MPRegen 0.16/turn

%: no passive effects
@: weak-willed
A: high MP 1, forlorn, divine attributes
a: no special abilities


You were in a sewer.
You visited 1 branch of the dungeon, and saw 3 of its levels.
You also visited: Sewer.

You collected 77 gold pieces.

Inventory:

Hand Weapons
 d - the +6 Majin-Bo (weapon) {spellvamp, MP+6 Int+6}
   (You acquired it in a sewer)

   Int+6:     It affects your intelligence (+6).
   MP+6:      It affects your magic capacity (+6).
Armour
 a - a +0 robe (worn)
 c - a +2 hat (worn)
Potions
 b - a potion of magic
 e - 2 potions of might
 f - a potion of enlightenment
 g - a potion of ambrosia {unknown}


   Skills:
 - Level 1.7 Dodging
 - Level 1.7 Stealth
 + Level 3.8 Spellcasting
 + Level 5.2 Conjurations


You had 4 spell levels left.
You knew the following spells:

 Your Spells              Type           Power      Damage    Failure   Level
a - Magic Dart            Conj           100%       1d8       1%          1
b - Searing Ray           Conj           74%        2d7       1%          2
c - Iskenderun's Mystic   Conj/Tloc      21%        2d6       22%         4

Your spell library contained the following spells:

 Spells                   Type           Power      Damage    Failure   Level
 Fulminant Prism          Conj/Alch      10%        3d9       22%         4


Dungeon Overview and Level Annotations

Branches:
Dungeon (3/15)              Sewer (1/1)

Shops:
D:2 [


Innate Abilities, Weirdness & Mutations

You have an increased reservoir of magic. (+10% MP)
You shall have no god before yourself.
Your divine heritage dramatically boosts your attributes as you level up.


Message History

* * * LOW HITPOINT WARNING * * *
You are too injured to fight recklessly!
Unknown command.
Casting: Searing Ray (safe; 1% risk of failure)
Confirm with . or Enter, or press ? or * to list all spells.
Aiming: Searing Ray (safe; 1% risk of failure)
Press: ? - help, Shift-Dir - straight line, f/p - bullfrog
Aim: a bullfrog (heavily wounded, weak-willed, 76% to hit)
The searing ray hits the bullfrog.
You feel better.
The bullfrog is heavily wounded. (Press . to maintain the ray.)
* * * LOW HITPOINT WARNING * * *
The bullfrog barely misses you. The bullfrog closely misses you.
The bullfrog hits you.
* * * LOW HITPOINT WARNING * * *
The bullfrog hits you.
* * * LOW HITPOINT WARNING * * *
Unknown command.
Unknown command.
The searing ray hits the bullfrog.
You feel better.
The bullfrog is almost dead.
The bullfrog closely misses you.
The bullfrog hits you but does no damage.
Unknown command.
Unknown command.
Unknown command.
Unknown command.
The searing ray hits the bullfrog!
You feel better.
You kill the bullfrog!
The bullfrog hits you.
* * * LOW HITPOINT WARNING * * *
The bullfrog misses you.
Your Conjurations skill increases to level 5!
Unknown command.
Unknown command.
Unknown command.
You closely miss the bullfrog.
The bullfrog hits you but does no damage.
The bullfrog hits you.
You die...

#############
#####.~~~~~~.~.~#
###.∩..~~~~~~~.~.~#
##~...~#########.~.#
#∩~~####~~†~.†~~†~~####
#####~~~~#####~~~~~#~~##
##~~~~~~~#~∩~#######~~~####
##~~~..####~~~~~~F.#~~~†~~~##
#..†.###~~~~~~~~@..##~†#.~~~##
..~~##.~~~.#######~~#~†##~~~~#
~.†##.~~~### #~~##~~##~.~##
.~~#~†~~##
≈~~~F~~.~.#...#~~.~# ..##~.~##
.~~.~~.~~~#~.~##~~~## ..#~~~.#
~~~~~$.~~~#~~~~#~~~.# .~#~~~.#
~~~.?)?.~~#~~~~#††.∩# ~~#~~~~#
~~.$)!.~~≈#~~~~#~~..#
~~##.~~##
≈~~...~~≈##~~~##~~~##


You could see a bullfrog (weak-willed).

Vanquished Creatures
  A bullfrog (Sewer)
  7 adders
  8 dart slugs
  A ribbon worm (D:2)
  10 ball pythons
  8 endoplasms
  15 giant cockroaches
  7 goblins
  4 hobgoblins
  2 jackals (D:1)
  A bat (D:2)
  13 frilled lizards
  4 kobolds
  2 rats (D:1)
83 creatures vanquished.

Notes
Turn   | Place    | Note
-------+----------+-------------------------------------------
     0 | D:1      | McKennaii the Demigod Conjurer began the quest for the Orb.
     0 | D:1      | Reached XP level 1. HP: 14/14 MP: 5/5
   438 | D:1      | Reached XP level 2. HP: 20/20 MP: 3/7
   441 | D:1      | Learned a level 2 spell: Searing Ray
   634 | D:1      | Reached skill level 4 in Conjurations
  1335 | D:2      | Found Dajeotuloo's Armour Shoppe.
  1625 | D:2      | Reached XP level 3. HP: 26/26 MP: 7/9
  1957 | D:3      | Found a glowing drain.
  2050 | Sewer    | Entered a sewer
  2091 | Sewer    | Reached XP level 4. HP: 33/33 MP: 7/11
  2096 | Sewer    | Learned a level 4 spell: Iskenderun's Mystic Blast
  2889 | Sewer    | Noticed a bullfrog
  2889 | Sewer    | Noticed a bullfrog
  2891 | Sewer    | Reached XP level 5. HP: 38/38 MP: 6/13
  2902 | Sewer    | Identified a scroll of acquirement
  2902 | Sewer    | Acquired the +6 Majin-Bo {spellvamp, MP+6 Int+6}
  2902 | Sewer    | Found the +6 Majin-Bo {spellvamp, MP+6 Int+6}
  2908 | Sewer    | Reached skill level 5 in Conjurations
  2908 | Sewer    | Slain by a bullfrog

Illustrated notes

Levels and vault maps discovered:
D:1:      lemuel_arrival_broad_hall, layout_loops_ring
D:2:      layout_basic, serial_shops, shop, basic_altar,
          minmay_misc_feat_hallway
D:3:      layout_basic, gup_sewer_entry_glass, serial_bayou_pond_b, uniq_robin
Sewer:    sewer_frog_island_02

Skill      XL: |  1  2  3  4  5 |
---------------+----------------+-----
Spellcasting   | 2 3 |  3.8
Conjurations   | 4 5 |  5.2
Dodging        | |  1.7
Stealth        | |  1.7

Action                     |  1- 3 |  4- 6 || total
---------------------------+-------+-------++-------
  Melee: Unarmed           |    17 |     1 ||    18
         Punch             |     1 |       ||     1
         Bo                |       |     2 ||     2
   Cast: Magic Dart        |    62 |    83 ||   145
         Searing Ray       |     3 |     2 ||     5
    Use: Potion            |     1 |       ||     1
         Scroll            |       |     3 ||     3
 Armour: Robe              |    13 |    20 ||    33
  Dodge: Dodged            |    17 |    20 ||    37
